[Event "Titled Tuesday Blitz June 28 Early 2022"]
[White "Oliveira, Jonathan De"]
[Black "Simonovic, Miroslav"]
[WhiteFideId "2180820"]
[BlackFideId "919152"]
[WhiteElo "2075"]
[BlackElo "2043"]
[Result "0-1"]
[Round "06"]
[TimeControl "180+1"]
[Date "2022.06.28"]
[WhiteClock "0:00:51"]
[BlackClock "0:00:14"]

1. e4 c5 2. Nf3 Nc6 3. Bb5 g6 4. Bxc6 dxc6 5. d3 Bg7 6. Nc3 e5 7. Be3 b6 8. h3 Ne7 9. Qd2 h6 10. O-O Be6 11. Nh2 Qd7 12. b3 f5 13. f4 exf4 14. Bxf4 Qd4+ 15. Kh1 Qxc3 16. Qe2 g5 17. exf5 gxf4 18. Qxe6 Qe5 19. Qxe5 Bxe5 20. Rae1 Bf6 21. Ng4 Kf7 22. Re6 Ng8 23. Rfe1 Rf8 24. Rxc6 h5 25. Rc7+ Be7 26. Ne5+ Kf6 27. Ng6 Rh6 28. Nxf8 Bxf8 29. Rxa7 Kxf5 30. Rf7+ Rf6 31. Rh7 Nh6 32. a4 Bd6 33. Rb7 Be5 34. a5 bxa5 35. Rb5 Rc6 36. Rxa5 Bc3 37. Rea1 Bxa1 38. Rxa1 Kg6 39. Ra4 Nf5 40. Rxf4 Nd4 41. b4 Nxc2 42. b5 Rb6 43. Rc4 Na3 44. Rxc5 Rxb5 45. Rc6+ Kg5 46. Kh2 Nb1 47. Kg3 Rd5 48. h4+ Kf5 49. Rh6 Rxd3+ 50. Kh2 Kg4 51. Rb6 Nd2 52. Rb4+ Kf5 53. Rb5+ Kf4 54. Rxh5 Nf1+ 55. Kg1 Ng3 56. Rd5 Rxd5 57. h5 Rd1+ 58. Kf2 Rf1# 0-1


[Site "https://www.chess.com"]

[Event "Titled Tuesday Blitz June 28 Early 2022"]
[White "Omariev, Maksim"]
[Black "Valle Maytin, Luis Enrique"]
[WhiteFideId "4193423"]
[BlackFideId "3503666"]
[WhiteElo "2479"]
[BlackElo "2325"]
[Result "1-0"]
[Round "06"]
[TimeControl "180+1"]
[Date "2022.06.28"]
[WhiteClock "0:01:58"]
[BlackClock "0:01:39"]

1. g4 d5 2. Bg2 Nf6 3. g5 Ng8 4. d4 c6 5. Nc3 Bf5 6. e4 dxe4 7. Nge2 Nd7 8. Ng3 Bg6 9. h4 h5 10. Ncxe4 e6 11. Bf4 Nb6 12. Qe2 Nd5 13. Bd2 Nge7 14. c4 Nb6 15. c5 Nbd5 16. Nd6+ Kd7 17. Nxb7 Rb8 18. Nxd8 1-0


[Site "https://www.chess.com"]

[Event "Titled Tuesday Blitz June 28 Early 2022"]
[White "Ouellet, Maili-Jade"]
[Black "Sadykov, Ramil"]
[WhiteFideId "2620472"]
[BlackFideId "24113590"]
[WhiteElo "1899"]
[BlackElo "2226"]
[Result "0-1"]
[Round "06"]
[TimeControl "180+1"]
[Date "2022.06.28"]
[WhiteClock "0:01:02"]
[BlackClock "0:01:47"]

1. d4 Nf6 2. c4 g6 3. Nc3 d5 4. cxd5 Nxd5 5. e4 Nxc3 6. bxc3 Bg7 7. Nf3 c5 8. Rb1 cxd4 9. cxd4 Qa5+ 10. Bd2 Qxa2 11. d5 O-O 12. Qc1 b6 13. Bc4 Qa4 14. O-O Ba6 15. Bxa6 Nxa6 16. Ra1 Qxa1 17. Qxa1 Bxa1 18. Rxa1 Nc5 19. Bh6 Rfd8 20. Re1 e6 21. dxe6 Nxe6 22. h4 a5 23. Be3 b5 24. Ra1 a4 25. Bd2 Nc5 26. Bg5 Rdb8 27. e5 b4 28. Nd4 b3 29. Be7 b2 30. Rb1 Ne4 31. Ba3 Nd2 32. Rxb2 Rxb2 33. Bxb2 a3 34. Bc3 a2 35. Nc2 Ne4 36. Ba1 Rc8 0-1


[Site "https://www.chess.com"]

[Event "Titled Tuesday Blitz June 28 Early 2022"]
[White "Papp, Levente"]
[Black "Sevian, Samuel"]
[WhiteFideId "751243"]
[BlackFideId "2040506"]
[WhiteElo "2308"]
[BlackElo "2692"]
[Result "0-1"]
[Round "06"]
[TimeControl "180+1"]
[Date "2022.06.28"]
[WhiteClock "0:00:02"]
[BlackClock "0:00:56"]

1. Nf3 c5 2. g3 Nc6 3. Bg2 e5 4. O-O Nf6 5. c4 d5 6. cxd5 Nxd5 7. e3 Nc7 8. b3 Be7 9. Bb2 f6 10. d4 cxd4 11. exd4 e4 12. Nfd2 f5 13. d5 Nxd5 14. Bxg7 Bf6 15. Qh5+ Ke7 16. Bxf6+ Nxf6 17. Qh4 Ne5 18. Nc4 Nxc4 19. bxc4 Be6 20. Nc3 Kf7 21. Rfd1 Qg8 22. Nd5 Bxd5 23. cxd5 Qg4 24. Qh6 Rhd8 25. Rab1 b6 26. Bf1 Rac8 27. Rbc1 Qf3 28. d6 Qxf2+ 29. Kh1 Ke6 30. d7 Rxd7 31. Rxd7 Rxc1 32. Qxc1 Nxd7 33. Bc4+ Kd6 34. Qd1+ Kc7 35. Qd5 Qc5 0-1


[Site "https://www.chess.com"]

[Event "Titled Tuesday Blitz June 28 Early 2022"]
[White "Perez Gormaz, Matias"]
[Black "Agasarov, Benik"]
[WhiteFideId "3406342"]
[BlackFideId "13314823"]
[WhiteElo "2341"]
[BlackElo "2697"]
[Result "0-1"]
[Round "06"]
[TimeControl "180+1"]
[Date "2022.06.28"]
[WhiteClock "0:01:24"]
[BlackClock "0:01:57"]

1. e4 e5 2. Nf3 Nc6 3. Bc4 Nf6 4. d3 Bc5 5. c3 O-O 6. Bb3 a6 7. h3 d6 8. Nbd2 h6 9. Nf1 Ba7 10. Ng3 Re8 11. Qe2 Be6 12. Bc2 d5 13. Nh4 Nxe4 14. dxe4 Qxh4 15. exd5 Bxd5 16. Nf5 Qf6 17. Rg1 e4 18. Ne3 Rad8 19. Nxd5 Rxd5 20. Be3 Bxe3 21. fxe3 Qd6 22. Rd1 Rxd1+ 23. Bxd1 Ne5 24. Bc2 Nd3+ 25. Bxd3 exd3 26. Qf3 Qb6 0-1


[Site "https://www.chess.com"]

[Event "Titled Tuesday Blitz June 28 Early 2022"]
[White "Piliczewski, Bogusz"]
[Black "Bringas Gomez, Artai"]
[WhiteFideId "1104144"]
[BlackFideId "24534064"]
[WhiteElo "1896"]
[BlackElo "1988"]
[Result "0-1"]
[Round "06"]
[TimeControl "180+1"]
[Date "2022.06.28"]
[WhiteClock "0:00:14"]
[BlackClock "0:02:13"]

1. d4 d5 2. Nf3 Bg4 3. Ne5 Bf5 4. c4 e6 5. Nc3 c6 6. Qb3 Qc8 7. Bf4 Nd7 8. Rc1 Ngf6 9. cxd5 exd5 10. f3 Be6 11. Qa4 Be7 12. e4 O-O 13. Bd3 Nh5 14. Be3 Nxe5 15. dxe5 dxe4 16. Qxe4 f5 17. exf6 Nxf6 18. Qe5 Qd7 19. Rd1 Bd6 20. Qxd6 Qxd6 21. Bxh7+ Kxh7 22. Rxd6 Rfe8 23. Kf2 Nd5 0-1


[Site "https://www.chess.com"]

[Event "Titled Tuesday Blitz June 28 Early 2022"]
[White "Plazuelo Pascual, Juan"]
[Black "Nenezic, Marko"]
[WhiteFideId "32059566"]
[BlackFideId "912123"]
[WhiteElo "2359"]
[BlackElo "2432"]
[Result "0-1"]
[Round "06"]
[TimeControl "180+1"]
[Date "2022.06.28"]
[WhiteClock "0:01:17"]
[BlackClock "0:01:08"]

1. e4 c5 2. Nf3 d6 3. Bb5+ Nd7 4. Ba4 Nf6 5. O-O e6 6. d4 cxd4 7. Nxd4 Be7 8. Re1 O-O 9. c4 a6 10. Nc3 Qc7 11. Qe2 Nc5 12. Bc2 b6 13. b3 Bb7 14. Bb2 Rfe8 15. Rac1 Rac8 16. Bb1 Qb8 17. Rcd1 Qa8 18. h3 g6 19. Rd2 Nh5 20. g3 Rcd8 21. Kh2 Qb8 22. b4 Nd7 23. a3 Rc8 24. Ba2 Qa8 25. Nc2 Rc7 26. Red1 Rec8 27. Ne3 Nhf6 28. f3 b5 29. Rc2 Ne5 30. cxb5 axb5 31. Nxb5 Rxc2 32. Nxc2 Nxf3+ 0-1


[Site "https://www.chess.com"]

[Event "Titled Tuesday Blitz June 28 Early 2022"]
[White "Polster, Christian"]
[Black "Melikhov, Evgeny V."]
[WhiteFideId "12965081"]
[BlackFideId "4122046"]
[WhiteElo "2293"]
[BlackElo "1904"]
[Result "1-0"]
[Round "06"]
[TimeControl "180+1"]
[Date "2022.06.28"]
[WhiteClock "0:00:04"]
[BlackClock "0:00:04"]

1. e4 c5 2. Nc3 Nc6 3. Nge2 g6 4. d4 cxd4 5. Nxd4 Bg7 6. Be3 d6 7. f3 Nf6 8. Qd2 Nxd4 9. Bxd4 O-O 10. Bc4 Be6 11. Bb3 Qc8 12. O-O-O Bxb3 13. cxb3 Nd7 14. Bxg7 Kxg7 15. Kb1 Qc5 16. g4 Rac8 17. h4 h6 18. f4 b5 19. Rc1 Qb4 20. h5 Rxc3 21. Qxc3+ Qxc3 22. Rxc3 Nc5 23. e5 b4 24. Rc4 a5 25. Rd1 Re8 26. f5 g5 27. exd6 exd6 28. Rxd6 Re1+ 29. Rc1 Re5 30. f6+ Kh7 31. Rc6 Ne6 32. Rd1 Rc5 33. Rxc5 Nxc5 34. Rd5 Ne4 35. Rxa5 Nxf6 36. Rf5 Kg7 37. a4 bxa3 38. bxa3 Nxg4 39. a4 Ne3 40. Re5 Ng4 41. Re2 f5 42. a5 f4 43. a6 f3 44. Rd2 f2 45. Rxf2 Nxf2 46. a7 g4 47. a8=Q Nh3 48. Qe4 Ng5 49. Qxg4 Kf6 50. Qf4+ Ke6 51. b4 Kd5 52. Kc2 Ne4 53. Kd3 Nd6 54. Qd4+ Kc6 55. Qc5+ Kd7 56. Kd4 Nc8 57. Ke5 Kd8 58. Ke6 Nb6 59. Qxb6+ Kc8 60. Qc6+ Kb8 61. Qd7 Ka8 62. b5 1-0


[Site "https://www.chess.com"]

[Event "Titled Tuesday Blitz June 28 Early 2022"]
[White "Popilski, Gil"]
[Black "Dankhazi, Andras"]
[WhiteFideId "2809060"]
[BlackFideId "714267"]
[WhiteElo "2537"]
[BlackElo "2325"]
[Result "1-0"]
[Round "06"]
[TimeControl "180+1"]
[Date "2022.06.28"]
[WhiteClock "0:00:07"]
[BlackClock "0:00:21"]

1. e4 Nc6 2. Nf3 d6 3. Bb5 Nf6 4. Nc3 Bg4 5. h3 Bxf3 6. Qxf3 Qd7 7. d4 a6 8. Bxc6 Qxc6 9. d5 Qb6 10. O-O g6 11. Be3 c5 12. dxc6 Qxc6 13. Bd4 Bg7 14. Nd5 Rc8 15. Rfe1 Qxc2 16. Nxe7 Kxe7 17. e5 dxe5 18. Bxe5 Kf8 19. Bxf6 Qc6 20. Qa3+ Kg8 21. Bxg7 Kxg7 22. Rad1 Rhd8 23. Rxd8 Rxd8 24. Qe7 Rd7 25. Qe5+ Qf6 26. Qe2 Qd4 27. g3 h5 28. h4 b5 29. Rc1 Kh7 30. a3 Qd2 31. Rc2 Qxe2 32. Rxe2 Kg7 33. Kg2 Rd1 34. Kf3 Rd3+ 35. Ke4 Rb3 36. Kd4 a5 37. Kc5 Kf6 38. Rd2 Ke6 39. Re2+ Kf6 40. Kb6 b4 41. a4 Rd3 42. Kxa5 b3 43. Kb4 g5 44. hxg5+ Kxg5 45. Kc4 Rf3 46. a5 Rf5 47. Kb4 Rd5 48. a6 Rd6 49. Kb5 Rd1 50. a7 Ra1 51. Kb6 f5 52. Kb7 f4 53. gxf4+ Kxf4 54. a8=Q Rxa8 55. Kxa8 Kf3 56. Re3+ Kxf2 57. Rxb3 Kg2 58. Rc3 h4 59. b4 h3 60. Rxh3 Kxh3 61. b5 1-0


[Site "https://www.chess.com"]

[Event "Titled Tuesday Blitz June 28 Early 2022"]
[White "Preotu, Razvan"]
[Black "Orlov, Georgi"]
[WhiteFideId "2613280"]
[BlackFideId "2011271"]
[WhiteElo "2407"]
[BlackElo "2545"]
[Result "0-1"]
[Round "06"]
[TimeControl "180+1"]
[Date "2022.06.28"]
[WhiteClock "0:00:03"]
[BlackClock "0:00:31"]

1. e4 e6 2. d4 d5 3. Nc3 Bb4 4. e5 c5 5. a3 Bxc3+ 6. bxc3 Qc7 7. Rb1 Bd7 8. Qg4 Kf8 9. Bd3 c4 10. Be2 Ba4 11. Bd1 Nc6 12. Nf3 Nge7 13. h4 h5 14. Qf4 Nf5 15. Ng5 g6 16. g4 hxg4 17. Bxg4 Bxc2 18. Rb2 Bd3 19. h5 Qa5 20. Rxb7 Qxc3+ 21. Bd2 Qa1+ 22. Bd1 Ncxd4 23. Bb4+ Kg8 24. Nxf7 Be2 25. Kd2 Qb2+ 26. Ke1 Bxd1 0-1


[Site "https://www.chess.com"]

[Event "Titled Tuesday Blitz June 28 Early 2022"]
[White "Przybylski, Wojciech"]
[Black "Madaminov, Mukhiddin"]
[WhiteFideId "1117599"]
[BlackFideId "14210703"]
[WhiteElo "2133"]
[BlackElo "1916"]
[Result "1/2-1/2"]
[Round "06"]
[TimeControl "180+1"]
[Date "2022.06.28"]
[WhiteClock "0:00:03"]
[BlackClock "0:00:28"]

1. e4 e6 2. d4 d5 3. Nc3 Nf6 4. e5 Nfd7 5. f4 c5 6. Nf3 Nc6 7. Be3 Qb6 8. Qd2 Qxb2 9. Rb1 Qa3 10. Be2 c4 11. Nb5 c3 12. Nxc3 Bb4 13. Rb3 Qa5 14. O-O O-O 15. a3 Bxc3 16. Qxc3 Qxc3 17. Rxc3 Nb6 18. f5 exf5 19. Nd2 Be6 20. Rb3 Rac8 21. Rb5 h6 22. Bd3 g6 23. Bxh6 Nxd4 24. Rb4 Nc6 25. Rh4 Nxe5 26. Bxf8 Kxf8 27. Rh8+ Ke7 28. Rxc8 Bxc8 29. Nf3 Nxf3+ 30. gxf3 f4 31. Rb1 Kd6 32. Kf2 Nd7 33. h4 Nc5 34. Rb4 Ke5 35. Ke2 b6 36. Rb1 d4 37. Rh1 Be6 38. h5 gxh5 39. Rxh5+ f5 40. Rh7 a5 41. Rh8 Na4 42. Rd8 Nc3+ 43. Kd2 Bd5 44. Re8+ Kd6 45. Rf8 Bxf3 46. Rxf5 Nd5 47. Bc4 Ne3 48. Rf6+ Ke5 49. Re6+ Kf5 50. Ba2 Bg2 51. Rxb6 f3 52. Rb8 Kf4 53. Rf8+ Kg3 54. Bd5 Nxd5 55. Rg8+ Kh2 56. Rh8+ Kg1 57. Kd3 f2 58. Rf8 f1=Q+ 59. Rxf1+ Kxf1 60. Kxd4 Ke2 61. c4 Ne7 62. Kc5 Nc6 63. Kb5 Kd2 64. c5 Kc3 65. Ka4 Kd4 66. Kb5 Bd5 67. Ka4 Be4 68. Kb5 Bf3 69. Ka4 Kxc5 70. Kb3 Kb5 71. a4+ Kc5 72. Kc3 Nb4 73. Kb3 Kd4 74. Kb2 Bd5 75. Ka3 Kc3 1/2-1/2


[Site "https://www.chess.com"]

[Event "Titled Tuesday Blitz June 28 Early 2022"]
[White "Pulpan, Jakub"]
[Black "Vokhidov, Shamsiddin"]
[WhiteFideId "302759"]
[BlackFideId "14204223"]
[WhiteElo "2650"]
[BlackElo "2910"]
[Result "0-1"]
[Round "06"]
[TimeControl "180+1"]
[Date "2022.06.28"]
[WhiteClock "0:00:07"]
[BlackClock "0:00:19"]

1. e4 Nf6 2. e5 Nd5 3. Nf3 d6 4. d4 dxe5 5. Nxe5 c6 6. Be2 Bf5 7. O-O Nd7 8. Nf3 e6 9. a3 Bd6 10. c4 N5f6 11. Nc3 O-O 12. h3 h6 13. Be3 Qc7 14. Rc1 Rad8 15. Qa4 a6 16. Qb3 c5 17. Rfd1 cxd4 18. Nxd4 Bg6 19. Qa2 Bf4 20. Bxf4 Qxf4 21. Nf3 Nc5 22. b4 Nd3 23. Bxd3 Rxd3 24. Ne2 Qc7 25. Rxd3 Bxd3 26. c5 Be4 27. Qb3 Rd8 28. Ne1 Rd2 29. Ng3 Qf4 30. Qe3 Qxe3 31. fxe3 Ra2 32. Rc3 Ra1 33. Kf2 h5 34. h4 Ng4+ 35. Kf1 Bc6 36. Ke2 Ra2+ 37. Kd3 Ne5+ 38. Kd4 f6 39. Nxh5 Rd2+ 40. Nd3 Bxg2 41. Nf4 Bf1 42. e4 Ng4 43. Nxe6 Kf7 44. Nd8+ Ke7 45. Nxb7 Ne5 46. Ke3 Rxd3+ 47. Rxd3 Bxd3 48. Nd6 Bb5 49. Nf5+ Kf7 50. Nd6+ Ke6 51. Nf5 g6 52. Nd4+ Ke7 53. Nc2 Ba4 54. Nd4 Nc4+ 55. Kf4 Nxa3 56. h5 gxh5 57. Nf5+ Ke6 58. Ng7+ Kf7 59. Nxh5 Nc2 60. e5 fxe5+ 61. Kxe5 Nxb4 62. Kd6 Bb5 63. c6 Nxc6 64. Kc5 Ke6 65. Nf4+ Kd7 66. Nd5 Kc8 67. Nb4 Nb8 68. Kb6 Bf1 69. Nd5 Nd7+ 70. Ka5 Kb7 71. Nb4 Nb6 72. Nxa6 Bxa6 73. Kb4 Kc6 74. Ka5 Bc4 75. Kb4 Kd5 76. Ka5 Nd7 77. Kb4 Kd4 78. Ka3 Kc3 79. Ka4 Kd4 80. Kb4 Kd5 81. Kc3 Kc5 82. Kd2 Kd4 83. Kc2 Nc5 84. Kb2 Bb3 85. Ka3 Kc4 86. Kb2 Kb4 87. Kc1 Kc3 88. Kb1 Nd3 89. Ka1 Nb4 90. Kb1 Nc2 91. Kc1 Ba2 92. Kd1 Nd4 93. Ke1 Kd3 94. Kf2 Ne2 95. Kf3 Be6 0-1


[Site "https://www.chess.com"]

[Event "Titled Tuesday Blitz June 28 Early 2022"]
[White "Reprintsev, Alexander"]
[Black "Ismagilov, Damir"]
[WhiteFideId "14100541"]
[BlackFideId "34199982"]
[WhiteElo "2108"]
[BlackElo "2138"]
[Result "0-1"]
[Round "06"]
[TimeControl "180+1"]
[Date "2022.06.28"]
[WhiteClock "0:00:06"]
[BlackClock "0:00:02"]

1. e4 e5 2. f4 exf4 3. Bc4 Nc6 4. d4 Nf6 5. Nc3 Bb4 6. Ne2 f3 7. gxf3 d5 8. exd5 Nxd5 9. O-O Nxc3 10. bxc3 Bd6 11. Ng3 O-O 12. Re1 Qh4 13. f4 Bg4 14. Qd3 Rae8 15. Bd2 Qf6 16. Ne4 Qg6 17. Ng5 Bf5 18. Qg3 Nd8 19. Bd3 h6 20. Bxf5 Qxf5 21. Nf3 Qxc2 22. Qg2 Re6 23. Rxe6 Nxe6 24. Ne5 c5 25. Rf1 cxd4 26. cxd4 Nxd4 27. Be3 Qxg2+ 28. Kxg2 Nf5 29. Bxa7 Ra8 30. Bf2 Rxa2 31. Rb1 Bc5 32. Nd3 Bxf2 33. Nxf2 Nd6 34. Kf3 Ra3+ 35. Ke2 b5 36. Rd1 Nc4 37. Rd8+ Kh7 38. Rb8 Re3+ 39. Kd1 Rf3 40. Ke2 Rb3 41. Nd3 Nb2 42. Ne5 f6 43. Nf7 Kg6 44. Nd6 b4 45. f5+ Kg5 46. Rb7 Nd3 47. Rxg7+ Kf4 48. Rg6 Ne5 49. Rxh6 Rb2+ 50. Kd1 b3 51. Rxf6 Rxh2 52. Nb5 b2 53. Na3 Nc4 54. Nb1 Nd2 55. Nc3 b1=Q+ 56. Nxb1 Nxb1 57. Rc6 Kxf5 58. Rc2 Rh1+ 59. Ke2 Na3 60. Rc5+ Ke4 61. Kd2 Rh2+ 62. Kc3 Nb1+ 63. Kb4 Kd4 64. Rc4+ Kd5 65. Rc8 Nd2 66. Kb5 Ne4 67. Rd8+ Ke5 68. Rd2 Nxd2 69. Kb6 Ne4 0-1


[Site "https://www.chess.com"]

[Event "Titled Tuesday Blitz June 28 Early 2022"]
[White "Rom, Jasper"]
[Black "Mitrovic, Darko R"]
[WhiteFideId "2023733"]
[BlackFideId "927023"]
[WhiteElo "2233"]
[BlackElo "2150"]
[Result "0-1"]
[Round "06"]
[TimeControl "180+1"]
[Date "2022.06.28"]
[WhiteClock "0:00:01"]
[BlackClock "0:00:06"]

1. e4 e6 2. d4 d5 3. Bd3 Nf6 4. e5 Nfd7 5. Nf3 c5 6. c3 b6 7. Ng5 Ba6 8. Bxh7 Qe7 9. h4 Nc6 10. Qa4 Bb7 11. Bd3 O-O-O 12. Ba6 Kb8 13. Bxb7 Kxb7 14. Nf3 f6 15. Bf4 fxe5 16. Bg5 Qe8 17. Bxd8 Qxd8 18. dxe5 Ndxe5 19. Nbd2 Nd3+ 20. Ke2 Nxb2 21. Qb3 Nd3 22. Rad1 Nf4+ 23. Kf1 Qf6 24. g3 Ng6 25. Kg2 Bd6 26. Ng5 Rf8 27. Ndf3 Nge5 28. c4 Nxc4 29. Rhe1 N6e5 30. Qc3 Nxf3 31. Qxf3 Qxf3+ 32. Nxf3 Rf6 33. Ng5 Be5 34. f4 Bc3 35. Rxe6 Rxe6 36. Nxe6 Ne3+ 37. Kf3 Nxd1 38. Ke2 Nb2 39. f5 Kc6 40. g4 Kd7 41. g5 Ke7 42. Nf4 Be5 43. Nxd5+ Kf7 44. Ne3 c4 45. Kd2 Bf4 0-1


[Site "https://www.chess.com"]

[Event "Titled Tuesday Blitz June 28 Early 2022"]
[White "Rustemov, Alexander"]
[Black "Kozlov, Oleg"]
[WhiteFideId "4119002"]
[BlackFideId "4104544"]
[WhiteElo "2735"]
[BlackElo "2132"]
[Result "1-0"]
[Round "06"]
[TimeControl "180+1"]
[Date "2022.06.28"]
[WhiteClock "0:00:15"]
[BlackClock "0:00:02"]

1. d4 f5 2. c4 Nf6 3. Nf3 g6 4. g3 Bg7 5. Bg2 O-O 6. O-O d6 7. Nc3 Qe8 8. d5 Na6 9. Rb1 Bd7 10. b4 c5 11. dxc6 bxc6 12. b5 Nc7 13. Nd4 c5 14. Nc6 a6 15. a4 axb5 16. axb5 Ng4 17. Nd5 Nxd5 18. Qxd5+ Kh8 19. Bb2 Bxb2 20. Rxb2 Nf6 21. Qd3 Kg7 22. Qe3 Rf7 23. h3 h6 24. Rd1 g5 25. Qc3 Kg6 26. e3 Ne4 27. Qd3 Bxc6 28. bxc6 Qxc6 29. g4 e6 30. Rdb1 Ra6 31. gxf5+ exf5 32. Rb8 Rd7 33. Re8 Rb7 34. Rxb7 Qxe8 35. Qd5 Nf6 36. Qd1 Qe5 37. Rb1 g4 38. hxg4 Nxg4 39. Qe2 Qh2+ 40. Kf1 Qe5 41. Rd1 Ra7 42. Qd2 Ra6 43. Ke2 Rb6 44. Rc1 Rb2 45. Rc2 Rb4 46. Bf3 Nf6 47. Qd3 Rb2 48. Kf1 Rb1+ 49. Ke2 Rb2 50. Ke1 Rb4 51. Rd2 Rb6 52. Ke2 h5 53. Kf1 Qh2 54. Ke2 Qe5 55. Rd1 Ng4 56. Rd2 Rb2 57. Bxg4 hxg4 58. Kf1 Rb4 59. Qxd6+ Qxd6 60. Rxd6+ Kg5 61. Kg2 Rxc4 62. Rc6 Rc2 63. Kg3 c4 64. f4+ gxf3 65. Kxf3 c3 66. e4 f4 67. Rc5+ Kf6 68. Kxf4 Rc1 69. Ke3 c2 70. Kd2 Rg1 71. Kxc2 Rg4 72. Kd3 Rg3+ 73. Kd4 Ke7 74. Rc6 Rg4 75. Kd5 Rg5+ 76. e5 Kd7 77. Ra6 Rg4 78. Ra7+ Kd8 79. Kd6 Rg6+ 80. e6 Kc8 81. Ra8+ Kb7 82. Rf8 Kb6 83. Kd7 Rg7+ 84. e7 Kc5 85. Ke6 1-0


[Site "https://www.chess.com"]

[Event "Titled Tuesday Blitz June 28 Early 2022"]
[White "Saito, Vinicius"]
[Black "Magallanes, Rey Jomar"]
[WhiteFideId "2113384"]
[BlackFideId "5205948"]
[WhiteElo "2168"]
[BlackElo "2187"]
[Result "1-0"]
[Round "06"]
[TimeControl "180+1"]
[Date "2022.06.28"]
[WhiteClock "0:01:03"]
[BlackClock "0:01:10"]

1. e4 c5 2. Nf3 d6 3. Bb5+ Bd7 4. Qe2 Bxb5 5. Qxb5+ Qd7 6. Qe2 Nc6 7. c3 e6 8. O-O Nf6 9. d4 cxd4 10. cxd4 Be7 11. Nc3 O-O 12. Rd1 Rac8 13. h3 a6 14. b3 b5 15. Bb2 b4 16. Na4 Qb7 17. Rac1 Na5 18. e5 dxe5 19. dxe5 Nd5 20. Qe4 Qb5 21. h4 Rc6 22. Nd4 Rxc1 23. Rxc1 Qb7 24. Nc5 Bxc5 25. Rxc5 Qb6 26. Qc2 g6 27. h5 Nf4 28. h6 Rd8 29. Rc8 Nd5 30. Nf3 Nf4 31. Ng5 Nd5 32. Ne4 Ne7 33. Rxd8+ Qxd8 34. Nd6 Nac6 35. Qe4 Qb6 36. Qh4 Nf5 37. Qf6 Nce7 38. Qxf7+ Kh8 39. Qf8+ Ng8 40. Nf7# 1-0


[Site "https://www.chess.com"]

[Event "Titled Tuesday Blitz June 28 Early 2022"]
[White "Sanchez, Robert"]
[Black "Tatarinov, Dmitry"]
[WhiteFideId "2034360"]
[BlackFideId "24160067"]
[WhiteElo "2070"]
[BlackElo "2302"]
[Result "0-1"]
[Round "06"]
[TimeControl "180+1"]
[Date "2022.06.28"]
[WhiteClock "0:01:47"]
[BlackClock "0:02:11"]

1. e4 e5 2. Nf3 Nc6 3. Bb5 a6 4. Ba4 Nf6 5. d3 Bc5 6. Nc3 b5 7. Bb3 d6 8. Bg5 h6 9. Bh4 g5 10. Nxg5 hxg5 11. Bxg5 Be6 12. Nd5 Bxf2+ 13. Kxf2 Nxe4+ 14. dxe4 Qxg5 15. Nxc7+ Ke7 16. Nxa8 Nd4 17. Nc7 Qf4+ 18. Ke1 Qe3+ 19. Kf1 Rh6 20. g3 Rf6+ 21. Kg2 Qf2# 0-1


[Site "https://www.chess.com"]

[Event "Titled Tuesday Blitz June 28 Early 2022"]
[White "Sargsyan, Anna M."]
[Black "Nilsson, Joakim"]
[WhiteFideId "13308130"]
[BlackFideId "1723383"]
[WhiteElo "2271"]
[BlackElo "2210"]
[Result "0-1"]
[Round "06"]
[TimeControl "180+1"]
[Date "2022.06.28"]
[WhiteClock "0:00:01"]
[BlackClock "0:00:11"]

1. d4 Nf6 2. c4 e6 3. Nf3 Bb4+ 4. Bd2 c5 5. g3 O-O 6. Bg2 Nc6 7. O-O Bxd2 8. Qxd2 cxd4 9. Nxd4 d5 10. Nxc6 bxc6 11. Nc3 Rb8 12. Rfd1 Ba6 13. cxd5 cxd5 14. e3 Qe7 15. Rac1 Rfc8 16. Na4 Bb5 17. Qa5 Bxa4 18. Qxa4 h5 19. b3 Qb7 20. Bf1 Ne4 21. Ba6 Rxc1 22. Rxc1 Qe7 23. Bd3 Nd6 24. Qa6 g6 25. Rc6 Ne4 26. Bxe4 dxe4 27. Qc4 Qa3 28. Qc2 Rd8 29. Rc7 a5 30. Ra7 Qb4 31. Kg2 Rd2 32. Qc8+ Kg7 33. Ra8 Rxf2+ 34. Kh3 Kf6 35. Qh8+ Kf5 36. Ra7 f6 37. Rf7 Qc3 38. Qb8 Qe5 39. Qb7 h4 40. g4+ Kg5 0-1


[Site "https://www.chess.com"]

[Event "Titled Tuesday Blitz June 28 Early 2022"]
[White "Sarkar, Justin"]
[Black "Johnson, Ben"]
[WhiteFideId "2010011"]
[BlackFideId "2010917"]
[WhiteElo "2020"]
[BlackElo "2185"]
[Result "1-0"]
[Round "06"]
[TimeControl "180+1"]
[Date "2022.06.28"]
[WhiteClock "0:00:11"]
[BlackClock "0:00:04"]

1. d4 Nf6 2. c4 e6 3. Nc3 Bb4 4. e3 O-O 5. Bd3 d5 6. Nf3 b6 7. O-O dxc4 8. Bxc4 Bb7 9. Qe2 Nbd7 10. Rd1 Bxc3 11. bxc3 Ne4 12. Bb2 Qf6 13. Bd3 Ng5 14. Ne5 Nxe5 15. dxe5 Qh6 16. Qg4 Rad8 17. h4 Rxd3 18. Rxd3 Ne4 19. Ba3 Re8 20. f3 Nc5 21. Bxc5 bxc5 22. Qg5 Qxg5 23. hxg5 Bc6 24. Rad1 Kf8 25. Rd8 Rxd8 26. Rxd8+ Ke7 27. Rc8 Kd7 28. Rg8 g6 29. Rg7 Ke7 30. Rxh7 a5 31. a3 Bd5 32. e4 Bc4 33. Kf2 Bd3 34. Ke3 Bc2 35. Rh8 Bb1 36. Ra8 1-0


[Site "https://www.chess.com"]

[Event "Titled Tuesday Blitz June 28 Early 2022"]
[White "Schmakel, Sam"]
[Black "Dobre, Claudiu-Cristian"]
[WhiteFideId "2039311"]
[BlackFideId "1211854"]
[WhiteElo "2356"]
[BlackElo "2207"]
[Result "0-1"]
[Round "06"]
[TimeControl "180+1"]
[Date "2022.06.28"]
[WhiteClock "0:00:08"]
[BlackClock "0:00:24"]

1. c4 Nf6 2. g3 c6 3. Nf3 d5 4. Bg2 Bg4 5. Ne5 Be6 6. d4 Nbd7 7. O-O dxc4 8. Qc2 Nxe5 9. dxe5 Nd7 10. f4 g6 11. e4 Qb6+ 12. Kh1 O-O-O 13. Nc3 f5 14. exf6 exf6 15. Rb1 h5 16. h3 f5 17. b3 cxb3 18. axb3 h4 19. Nd5 Qc5 20. Qb2 cxd5 21. Qxh8 fxe4 22. Bb2 Be7 23. Qg7 Rg8 24. Qh7 Qd6 25. g4 b6 26. Rbc1+ Kb7 27. f5 gxf5 28. gxf5 Nf8 29. Qh5 Qg3 30. Qe2 Bd6 31. Kg1 Qh2+ 32. Kf2 Rxg2+ 0-1


[Site "https://www.chess.com"]

[Event "Titled Tuesday Blitz June 28 Early 2022"]
[White "Seliverstov, Vladimir"]
[Black "Pinheiro, Iung Alicio de O."]
[WhiteFideId "4192036"]
[BlackFideId "2104350"]
[WhiteElo "2822"]
[BlackElo "2621"]
[Result "1-0"]
[Round "06"]
[TimeControl "180+1"]
[Date "2022.06.28"]
[WhiteClock "0:01:40"]
[BlackClock "0:00:54"]

1. c4 c5 2. g3 g6 3. Bg2 Bg7 4. Nc3 Nc6 5. Nf3 d6 6. O-O Be6 7. d3 Qc8 8. Nd5 Rb8 9. Rb1 Bh3 10. Bxh3 Qxh3 11. Nc7+ Kf8 12. Nd5 Qd7 13. a3 e6 14. Nf4 Nf6 15. b4 cxb4 16. axb4 b5 17. cxb5 Rxb5 18. Qa4 Qb7 19. Bd2 h6 20. Rfc1 g5 21. Ng2 Ke7 22. Ne3 Nd7 23. Nc4 Nd4 24. Nxd4 Bxd4 25. Na5 Rxa5 26. bxa5 Qd5 27. Rc7 Rd8 28. Rbb7 1-0


[Site "https://www.chess.com"]

[Event "Titled Tuesday Blitz June 28 Early 2022"]
[White "Seo, Jung Min"]
[Black "Deac, Bogdan-Daniel"]
[WhiteFideId "1734687"]
[BlackFideId "1226380"]
[WhiteElo "2790"]
[BlackElo "2933"]
[Result "1/2-1/2"]
[Round "06"]
[TimeControl "180+1"]
[Date "2022.06.28"]
[WhiteClock "0:00:29"]
[BlackClock "0:00:04"]

1. d4 Nf6 2. c4 e6 3. Nf3 d5 4. Nc3 dxc4 5. e4 Bb4 6. Bg5 h6 7. Bxf6 Qxf6 8. Bxc4 c5 9. O-O O-O 10. e5 Qd8 11. d5 Bxc3 12. bxc3 exd5 13. Qxd5 Qe7 14. Qd6 Re8 15. Rad1 Nc6 16. Bb5 Bg4 17. Bxc6 bxc6 18. Qxc6 Bxf3 19. Qxf3 Qxe5 20. Rd7 Qe6 21. Qd5 Qxd5 22. Rxd5 Re2 23. Rxc5 Rxa2 24. g3 Rb8 25. Rc7 Rbb2 26. c4 Rc2 27. c5 g6 28. c6 Ra6 29. Rc8+ Kg7 30. c7 Rac6 31. Kg2 Rxc7 32. Rxc7 Rxc7 33. Ra1 Kf6 34. h4 h5 35. Kf3 Ke5 36. Ra5+ Kd4 37. Kf4 Kc4 38. f3 Kb4 39. Ra6 Kb5 40. Ra1 a5 41. g4 Rc5 42. Rb1+ Ka6 43. Rb8 a4 44. Ra8+ Kb5 45. Ra7 a3 46. Rxa3 Kc6 47. Ra7 hxg4 48. fxg4 f5 49. g5 Rc4+ 50. Ke5 Rxh4 51. Rg7 f4 52. Rxg6+ Kd7 53. Rf6 Ke7 54. Rf5 Rg4 55. Ke4 Ke6 56. Rf6+ Ke7 57. Rf5 Ke6 58. Rf6+ Ke7 59. Kf5 Rh4 60. Ra6 f3 61. Ra7+ Kf8 62. Ra1 f2 63. Rf1 Rh2 64. Kg4 Kg7 65. Kg3 Rh5 66. Kg4 Rh2 67. Kg3 Rh5 68. Kg4 Rh2 1/2-1/2


[Site "https://www.chess.com"]